AoeStats
← nnvtn

Arena

510634088Analyzed
3v3 RM · 19h ago on Oct 1, 2026· 72m 40s· 6 players
Game mode
Random Map
Map size
Normal (6 player)
Population
200
Speed
Normal
Resources
Standard
Victory
Conquest
Starting age
Dark Age
Ending age
Imperial Age
RankedLock teamsTeams togetherTeam positionsShared explorationLock speedFull tech treeHidden civsTurbo modeCheats
Victory
Defeat
🇩🇪 Huns · Germany
1018
+19
🇹🇷 Turks · Türkiye
981
+20
🇪🇸 Franks · Spain
963
+21
🇪🇸 Lithuanians · Spain
1107
-21
🇪🇸 Britons · Spain
1096
-20
🇪🇸 Mongols · Spain
1039
-19
xAb0rt_N0w
10:58 Feudal Age
15:06 Castle Age
13:01 Double-Bit Axe
13:00 Horse Collar
16:30 Bow Saw
16:31 Heavy Plow
22:46 Gold Mining
23:12 Stone Mining
24:42 Gold Shaft Mining
28:51 Imperial Age
26:59 Wheelbarrow
26:11 Loom
27:21 Scale Barding Armor
27:27 Forging
28:05 Bloodlines
27:56 Husbandry
28:22 Chain Barding Armor
28:49 Hand Cart
29:40 Iron Casting
29:11 Marauders
30:07 Conscription
29:08 Elite Tarkan
30:22 Town Watch
31:16 Plate Barding Armor
30:55 Masonry
33:15 Two-Man Saw
36:04 Light Cavalry
36:43 Hussar
39:01 Cavalier
40:27 Atheism
40:36 Paladin
42:49 Scale Mail Armor
43:49 Blast Furnace
42:25 Pikeman
43:06 Squires
42:51 Arson
46:22 Elite Skirmisher
47:08 Thumb Ring
47:26 Ballistics
47:01 Fletching
47:12 Padded Archer Armor
47:56 Bodkin Arrow
50:25 Murder Holes
53:04 Chain Mail Armor
52:50 Bracer
53:17 Leather Archer Armor
55:48 Halberdier
59:43 Town Patrol
63:21 Capped Ram
65:53 Caravan
65:34 Siege Ram
71:02 Heavy Cavalry Archer
72:07 Parthian Tactics
Dagobert
10:54 Feudal Age
15:15 Castle Age
13:42 Double-Bit Axe
15:51 Man-at-Arms
17:18 Long Swordsman
21:43 Bow Saw
25:23 Forging
25:28 Gold Mining
28:49 Scale Barding Armor
30:59 Wheelbarrow
30:50 Husbandry
32:17 Iron Casting
33:33 Chain Barding Armor
34:58 Hand Cart
34:30 Loom
35:30 Gold Shaft Mining
42:17 Imperial Age
39:39 Fletching
40:21 Fortified Wall
39:51 Treadmill Crane
40:08 Stone Mining
42:20 Cavalier
44:04 Blast Furnace
43:40 Plate Barding Armor
44:03 Paladin
56:30 Town Watch
56:30 Light Cavalry
57:50 Conscription
58:53 Scale Mail Armor
nnvtn
12:35 Feudal Age
17:29 Castle Age
17:23 Double-Bit Axe
22:13 Imperial Age
20:03 Horse Collar
20:59 Bow Saw
22:48 Padded Archer Armor
23:55 Gold Mining
26:12 Wheelbarrow
26:19 Gold Shaft Mining
26:27 Leather Archer Armor
29:39 Heavy Plow
31:22 Ring Archer Armor
33:24 Loom
33:25 Town Watch
37:47 Fletching
40:25 Bodkin Arrow
40:38 Scale Barding Armor
40:44 Forging
44:32 Two-Man Saw
44:02 Chain Barding Armor
44:18 Iron Casting
43:47 Bracer
43:12 Heavy Camel Rider
44:04 Bloodlines
43:54 Husbandry
44:41 Caravan
46:01 Plate Barding Armor
47:21 Blast Furnace
46:40 Hand Cart
72:58 Ballistics
BerberechoLoco
2:25 Loom
9:25 Feudal Age
13:28 Forging
14:54 Scale Barding Armor
15:32 Bloodlines
16:32 Town Watch
17:23 Wheelbarrow
16:38 Horse Collar
17:17 Double-Bit Axe
17:30 Gold Mining
23:02 Castle Age
24:35 Hand Cart
24:33 Bow Saw
24:26 Heavy Plow
25:04 Gold Shaft Mining
24:33 Town Patrol
32:06 Stone Mining
33:44 Ballistics
34:42 Fortified Wall
34:43 Masonry
34:37 Padded Archer Armor
34:03 Elite Skirmisher
55:19 Iron Casting
54:45 Scale Mail Armor
54:07 Pikeman
54:47 Squires
61:12 Chain Mail Armor
60:43 Arson
64:33 Fletching
65:27 Coinage
67:35 Imperial Age
Xolasos
11:40 Feudal Age
12:38 Double-Bit Axe
13:13 Horse Collar
15:36 Castle Age
13:22 Horse Collar
17:10 Loom
18:07 Wheelbarrow
17:35 Town Watch
18:06 Heavy Plow
18:31 Bow Saw
19:12 Fletching
19:48 Crossbowman
22:29 Bodkin Arrow
25:24 Hand Cart
30:15 Padded Archer Armor
33:26 Imperial Age
30:35 Elite Skirmisher
32:11 Gold Mining
33:18 Yeomen
34:47 Bracer
34:26 Arbalester
36:07 Conscription
36:28 Leather Archer Armor
36:36 Ballistics
38:35 Chemistry
37:47 Masonry
37:45 Siege Engineers
37:53 Fortified Wall
42:45 Warwolf
50:57 Hoardings
61:09 Guilds
61:00 Caravan
tarariketevi
11:01 Feudal Age
13:09 Double-Bit Axe
15:59 Castle Age
14:06 Horse Collar
17:10 Bow Saw
17:52 Bow Saw
18:38 Wheelbarrow
18:22 Fervor
26:36 Hand Cart
26:06 Loom
27:58 Husbandry
28:11 Bloodlines
30:54 Imperial Age
28:43 Scale Barding Armor
28:48 Forging
28:42 Gold Mining
28:56 Heavy Plow
30:06 Chain Barding Armor
31:09 Iron Casting
31:05 Cavalier
32:30 Plate Barding Armor
33:32 Paladin
44:54 Two-Man Saw
56:34 Light Cavalry
59:17 Caravan
60:41 Crop Rotation
60:36 Winged Hussar
Connection lost

Rejoining the realm…

Still unreachable

The connection could not be restored.

Session expired

The server has moved on; the page needs a fresh start.